AoeStats
← AxingQuestions

Oasis

507380339Analyzed
4v4 RM · 14d ago on Sep 18, 2026· 42m 4s· 8 players
Game mode
Random Map
Map size
Large (8 player)
Population
200
Speed
Normal
Resources
Standard
Victory
Conquest
Starting age
Dark Age
Ending age
Imperial Age
RankedLock teamsTeams togetherTeam positionsShared explorationLock speedFull tech treeHidden civsTurbo modeCheats
Victory
Defeat
🇺🇸 Vikings · United States
1253
+16
🇨🇴 Cumans · Colombia
1251
+35
🇲🇽 Mongols · Mexico
1215
+17
🇲🇽 Wei · Mexico
1213
+18
🇧🇷 Georgians · Brazil
1309
-20
🇵🇪 Persians · Peru
1254
-17
🇻🇳 Saracens · Vietnam
1216
-15
🇧🇷 Britons · Brazil
1213
-15
AxingQuestions
7:05 Loom
9:52 Feudal Age
10:35 Double-Bit Axe
10:31 Horse Collar
13:25 Fletching
15:01 Town Watch
24:06 Castle Age
22:36 Padded Archer Armor
22:36 Gold Mining
23:40 Forging
24:23 Crossbowman
25:00 Bodkin Arrow
26:20 Leather Archer Armor
26:19 Bow Saw
28:28 Town Patrol
30:13 Ballistics
29:35 Treadmill Crane
29:45 Pikeman
30:25 Squires
33:25 Iron Casting
33:01 Stone Mining
34:50 Scale Mail Armor
36:21 Chain Mail Armor
39:08 Imperial Age
37:53 Murder Holes
38:09 Masonry
39:15 Capped Ram
39:18 Arbalester
40:04 Bracer
41:03 Ring Archer Armor
42:05 Chemistry
41:36 Architecture
40:30 Siege Ram
43:01 Conscription
Bohemio_Antisemilla
8:35 Feudal Age
9:02 Double-Bit Axe
10:49 Horse Collar
20:32 Castle Age
20:13 Wheelbarrow
19:38 Gold Mining
19:45 Loom
19:45 Town Watch
20:45 Scale Barding Armor
20:50 Forging
21:46 Bloodlines
22:21 Chain Barding Armor
25:50 Capped Ram
30:36 Hand Cart
31:37 Iron Casting
34:34 Hand Cart
34:13 Stone Mining
34:34 Bow Saw
34:28 Heavy Plow
36:10 Gold Shaft Mining
35:50 Fletching
41:24 Imperial Age
39:56 Bodkin Arrow
41:11 Steppe Husbandry
40:33 Light Cavalry
41:45 Town Patrol
42:40 Plate Barding Armor
43:07 Blast Furnace
MXShino88
8:00 Loom
10:05 Feudal Age
11:04 Double-Bit Axe
17:57 Castle Age
16:18 Stone Mining
16:40 Horse Collar
19:42 Bow Saw
19:28 Fletching
20:04 Gold Mining
20:22 Heavy Plow
21:51 Wheelbarrow
22:07 Bodkin Arrow
26:49 Ballistics
27:45 Bloodlines
27:36 Husbandry
33:28 Imperial Age
34:32 Conscription
34:33 Bracer
35:43 Chemistry
36:31 Hand Cart
36:02 Town Watch
37:25 Elite Mangudai
39:19 Light Cavalry
40:54 Hussar
41:44 Scale Barding Armor
42:18 Hoardings
83T01SRA3L
6:48 Loom
10:28 Feudal Age
11:18 Double-Bit Axe
17:53 Castle Age
16:32 Gold Mining
16:24 Horse Collar
18:05 Fletching
18:59 Bow Saw
18:51 Stone Mining
19:55 Bodkin Arrow
25:09 Gold Shaft Mining
27:08 Ballistics
26:29 Treadmill Crane
27:47 Padded Archer Armor
27:56 Thumb Ring
30:12 Tuntian
31:29 Wheelbarrow
31:51 Leather Archer Armor
32:58 Bloodlines
32:50 Husbandry
32:57 Scale Barding Armor
37:45 Imperial Age
35:31 Hand Cart
38:30 Bracer
39:23 Ring Archer Armor
39:58 Chemistry
40:28 Conscription
40:40 Ming Guang Armor
41:19 Murder Holes
GPT Astra Ultra
7:05 Loom
10:58 Feudal Age
15:28 Castle Age
13:55 Double-Bit Axe
27:17 Wheelbarrow
28:16 Horse Collar
29:16 Bow Saw
29:19 Town Watch
33:22 Hand Cart
34:47 Padded Archer Armor
34:43 Elite Skirmisher
36:04 Gold Mining
36:06 Stone Mining
36:58 Leather Archer Armor
37:19 Fletching
38:30 Ballistics
Wololo 2.0
1:16 Loom
10:13 Feudal Age
11:42 Double-Bit Axe
16:35 Horse Collar
20:08 Castle Age
18:46 Stone Mining
18:52 Gold Mining
19:40 Fletching
21:42 Bow Saw
24:05 Crossbowman
24:05 Elite Skirmisher
26:12 Bodkin Arrow
26:18 Padded Archer Armor
30:34 Wheelbarrow
38:48 Hand Cart
darkdudu
3:54 Loom
11:13 Feudal Age
16:19 Castle Age
14:32 Horse Collar
14:41 Double-Bit Axe
15:14 Bloodlines
16:09 Scale Barding Armor
25:01 Chain Barding Armor
27:23 Heavy Plow
32:29 Wheelbarrow
32:43 Forging
32:34 Husbandry
37:46 Hand Cart
38:36 Bow Saw
38:17 Gold Mining
halong1301
11:08 Feudal Age
14:55 Castle Age
12:52 Double-Bit Axe
13:07 Horse Collar
15:07 Loom
17:41 Scale Barding Armor
21:03 Husbandry
24:32 Bow Saw
27:14 Gold Mining
27:15 Stone Mining
28:10 Bloodlines
27:22 Light Cavalry
28:38 Heavy Plow
30:50 Gold Shaft Mining
31:17 Chain Barding Armor
33:58 Forging
Connection lost

Rejoining the realm…

Still unreachable

The connection could not be restored.

Session expired

The server has moved on; the page needs a fresh start.